 Dungeon Crawl Stone Soup version 0.30-a0-367-g839099abd5 (webtiles) character file.

Game seed: 17338629926384457152

140 Anamonty the Shooter (level 5, -3/30 HPs)
             Began as a Kobold Hexslinger on Nov 18, 2022.
             Slain by a gnoll
             ... wielding a +0 flail
              (7 damage)
             ... while paralysed by Grinder
             ... on level 6 of the Dungeon.
             The game lasted 00:04:43 (2308 turns).

Anamonty the Shooter (Kobold Hexslinger)            Turns: 2308, Time: 00:04:44

Health: -3/30      AC:  4    Str:  7    XL:     5   Next: 47%
Magic:  7/8        EV:  3    Int: 15    God:
Gold:   171        SH:  0    Dex: 17    Spells: 7/8 levels left

rFire   . . .      SeeInvis .    f - +0 dagger (venom)
rCold   . . .      Faith    .    (no shield)
rNeg    . . .      Spirit   .    c - +0 robe
rPois   .          Reflect  .    (no helmet)
rElec   .          Harm     .    (no cloak)
rCorr   .          Rampage  .    g - +0 pair of gloves
Will    .....                    i - +0 pair of boots
Stlth   +++.......               (no amulet)
HPRegen 0.25/turn                (no ring)
MPRegen 0.11/turn                (no ring)

@: paralysed
A: small, no large weapons, nightstalker 3
a: no special abilities


You were on level 6 of the Dungeon.
You visited 1 branch of the dungeon, and saw 4 of its levels.

You collected 171 gold pieces.

Inventory:

Hand Weapons
 a - a +1 sling
 f - a +0 dagger of venom (weapon)
Armour
 c - a +0 robe (worn)
 g - a +0 pair of gloves (worn)
 i - a +0 pair of boots (worn)
Jewellery
 q - a +6 ring of strength
Scrolls
 b - a scroll of poison
 e - a scroll of amnesia {unknown}
 h - a scroll of immolation {unknown}
 j - 4 scrolls of teleportation {unknown}
 m - a scroll of enchant armour {unknown}
 n - a scroll of silence {unknown}
Potions
 d - a potion of flight {unknown}
 k - 2 potions of curing
 l - a potion of magic {unknown}
 o - a potion of might {unknown}
 p - a potion of lignification {unknown}


   Skills:
 + Level 2.2 Fighting
 * Level 4.2 Ranged Weapons
 + Level 3.2 Dodging
 + Level 2.0 Spellcasting
 + Level 3.9 Hexes


You had 7 spell levels left.
You knew the following spells:

 Your Spells              Type           Power      Damage    Failure   Level
a - Slow                  Hex            52%        N/A       4%          1

Your spell library contained the following spells:

 Spells                   Type           Power      Damage    Failure   Level
 Confusing Touch          Hex            13%        N/A       13%         3
 Kiss of Death            Conj/Necr      4%         2d5       22%         1
 Necrotise                Necr           4%         1d4       22%         1
 Summon Small Mammal      Summ           4%         N/A       22%         1
 Inner Flame              Hex/Fire       7%         N/A       30%         3
 Portal Projectile        Hex/Tloc       14%        N/A       30%         3
 Summon Guardian Golem    Hex/Summ       7%         N/A       30%         3
 Cause Fear               Hex            6%         N/A       41%         4
 Call Canine Familiar     Summ           1%         N/A       54%         3
 Vampiric Draining        Necr           1%         2d6       54%         3
 Leda's Liquefaction      Hex/Erth       3%         N/A       69%         4
 Dispel Undead            Necr           1%         3d6       91%         4
 Agony                    Necr           1%         N/A       99%         5


Dungeon Overview and Level Annotations

Branches:
Dungeon (3/15)

Altars:
Hepliaklqana
Sif Muna

Annotations:
D:3 Natasha
D:6 Grinder


Innate Abilities, Weirdness & Mutations

You are small and have problems with some larger weapons.
You are completely attuned to the shadows.


Message History

The hound is moderately wounded.
The hound misses you. The hound closely misses you.
You hit the hound but do no damage.
The hound is heavily wounded.
The hound bites you.
You closely miss the hound.
The hound is heavily wounded.
The hound bites you but does no damage.
Grinder comes into view.
The hound bites you but does no damage.
You hit the hound.
The hound is heavily wounded.
Grinder blinks!
The hound bites you.
You barely miss the hound.
The hound is severely wounded.
The hound bites you. The hound misses you.
You hit the hound.
The hound looks even sicker.
The hound is severely wounded.
The hound bites you.
You closely miss the hound.
The hound is almost dead.
The hound bites you but does no damage.
A gnoll comes into view. It is wielding a +0 flail.
The hound closely misses you.
You miss the hound.
The hound is almost dead.
The hound barely misses you.
You hit the hound but do no damage.
The hound looks as sick as possible!
The hound is almost dead.
You kill the hound!
Grinder hits you but does no damage.
Your life force feels restored.
Your Spellcasting skill increases to level 2!
Grinder gestures at you.
You suddenly lose the ability to move!
The gnoll hits you with a +0 flail.
Grinder blinks!
The gnoll hits you with a +0 flail!
* * * LOW HITPOINT WARNING * * *
Grinder says, "Just stop there for a second..."
Grinder hits you but does no damage. The gnoll hits you with a +0 flail!
You die...

#.###....
.........
...†...#
...g5..# ..
#.@..#
##.##....#
#..........
...........
...........
..........
..........
..........
.........


You could see Grinder and a gnoll.

Vanquished Creatures
  A hound (D:6)
  Natasha (D:3)
  3 adders (D:2)
  2 dart slugs (D:2)
  6 orcs (D:3)
  A bat (D:1)
  3 endoplasms
  A giant cockroach (D:1)
  4 goblins
  6 hobgoblins
  3 jackals
  3 quokkas
  4 ball pythons (D:1)
  A frilled lizard (D:2)
  4 kobolds
  5 rats
48 creatures vanquished.

Notes
Turn   | Place    | Note
-------+----------+-------------------------------------------
     0 | D:1      | Anamonty the Kobold Hexslinger began the quest for the Orb.
     0 | D:1      | Reached XP level 1. HP: 12/12 MP: 2/2
   145 | D:1      | Reached XP level 2. HP: 14/16 MP: 1/3
   336 | D:1      | Reached skill level 3 in Ranged Weapons
   911 | D:2      | Reached XP level 3. HP: 16/20 MP: 5/5
  1534 | D:2      | Found a faded altar of an unknown god.
  1710 | D:2      | Reached XP level 4. HP: 25/26 MP: 6/6
  1920 | D:3      | Found a shimmering blue altar of Sif Muna.
  1924 | D:3      | Found a hazy altar of Hepliaklqana.
  2158 | D:3      | Noticed Natasha
  2168 | D:3      | Killed Natasha
  2169 | D:3      | Reached skill level 4 in Ranged Weapons
  2169 | D:3      | Reached XP level 5. HP: 24/28 MP: 7/7
  2229 | D:3      | Noticed Natasha
  2284 | D:3      | You fall into a shaft and drop 3 floors!
  2299 | D:6      | Noticed Grinder
  2306 | D:6      | Paralysed by Grinder for 3 turns
  2308 | D:6      | Slain by a gnoll

Illustrated notes

Levels and vault maps discovered:
D:1:      wander_arrival_chamber, layout_loops_cross
D:2:      layout_loops_ring, hellmonk_ecumenical_altar_run_dry, nicolae_titane
D:3:      layout_basic, mainiacjoe_overflow_paths,
          mainiacjoe_overflow_large_starburst, due_unseen_surprise, uniq_natasha
D:6:      layout_cave_pools, mainiacjoe_overflow_boulevard, serial_gnoll_camp,
          gnoll_camp_mini_basic, gnoll_camp_mini_loothouse,
          gnoll_camp_mini_sergeant, gnoll_camp_mini_hut, gnoll_camp_huts_moat,
          gnoll_camp_medium_01, st_stairs_6, minmay_manual_macuahuitl,
          uniq_grinder, uniq_maggie

Skill      XL: |  1  2  3  4  5 |
---------------+----------------+-----
Ranged Weapons | 3 4 |  4.2
Dodging        | 3 |  3.2
Fighting       | 2 |  2.2
Spellcasting   | 2 |  2.0
Hexes          | |  3.9

Action                   |  1- 3 |  4- 6 || total
-------------------------+-------+-------++-------
Melee: Dagger            |    17 |    28 ||    45
       Punch             |     1 |       ||     1
 Fire: Sling             |    74 |    32 ||   106
 Cast: Slow              |    14 |     4 ||    18
  Use: Scroll            |     1 |     1 ||     2
       Potion            |       |     1 ||     1
Armor: Robe              |    11 |     9 ||    20
Dodge: Dodged            |    40 |    31 ||    71

Table legend: (Time is in decaauts)
 A = Elapsed time spent in this place.
 B = Non-inter-level travel time spent in this place.
 C = Inter-level travel time spent in this place.
 D = Time resting spent in this place.
 E = Time spent auto-exploring this place.
 F = Levels seen in this place.
 G = Mean time per level.
                   A        B        C        D        E       F      G
               +--------+--------+--------+--------+--------+-----+--------+
         Total |   2326 |   2292 |     34 |      0 |   1903 |   4 |  581.5 |
       Dungeon |   2326 |   2292 |     34 |      0 |   1903 |   4 |  581.5 |
               +--------+--------+--------+--------+--------+-----+--------+

Top non-repeatable levels by time:
     D:2: 975 daAuts
     D:1: 907 daAuts
     D:3: 419 daAuts
     D:6: 23 daAuts
